AoeStats
← tom

Arabia

503257804Analyzed
1v1 RM · 1mo ago on Aug 30, 2026· 30m 31s· 2 players
Game mode
Random Map
Map size
Tiny (2 player)
Population
200
Speed
Normal
Resources
Standard
Victory
Conquest
Starting age
Dark Age
Ending age
Imperial Age
RankedLock teamsTeams togetherTeam positionsShared explorationLock speedFull tech treeHidden civsTurbo modeCheats
Victory
Defeat
🇹🇷 Vikings · Türkiye
743
+16
🇱🇻 Japanese · Latvia
740
-16
tom
6:47 Loom
9:43 Feudal Age
10:11 Man-at-Arms
14:23 Arson
18:03 Double-Bit Axe
21:40 Wheelbarrow
25:12 Castle Age
24:09 Fletching
24:21 Padded Archer Armor
24:30 Scale Barding Armor
27:49 Squires
28:31 Bodkin Arrow
28:53 Leather Archer Armor
29:00 Chain Barding Armor
28:06 Pikeman
ajurne
4:45 Loom
10:26 Feudal Age
10:42 Man-at-Arms
16:21 Double-Bit Axe
19:05 Gold Mining
23:31 Castle Age
24:47 Crossbowman
26:00 Bow Saw
28:12 Gold Shaft Mining
Connection lost

Rejoining the realm…

Still unreachable

The connection could not be restored.

Session expired

The server has moved on; the page needs a fresh start.